 Dungeon Crawl Stone Soup version 0.23-a0-372-g5ce4c07210 (webtiles) character file.

2579 Sokar the Nimble (level 9, 0/39 HPs)
             Began as a Spriggan Earth Elementalist on Oct 25, 2018.
             Was an Initiate of Ashenzari.
             Splashed by Pikel's acid (12 damage)
             ... on level 7 of the Dungeon.
             The game lasted 01:05:21 (7042 turns).

Sokar the Nimble (Spriggan Earth Elementalist)      Turns: 7042, Time: 01:05:22

Health: 0/39       AC:  2    Str:  4    XL:     9   Next: 32%
Magic:  14/17      EV: 25    Int: 17    God:    Ashenzari [......]
Gold:   606        SH:  0    Dex: 19    Spells: 8/18 levels left

rFire    . . .     SeeInvis +   a - +1 dagger
rCold    . . .     Gourm    .   (shield restricted)
rNeg     . . .     Faith    .   c - +0 robe
rPois    .         Spirit   .   (helmet restricted)
rElec    .         Reflect  .   (no cloak)
rCorr    .         Harm     .   (gloves unavailable)
MR       +....                  (boots unavailable)
Stlth    ++++......             (no amulet)
HPRegen  0.13/turn              (no ring)
MPRegen  0.15/turn              (no ring)

@: very quick
A: very small, unfitting armour, see invisible, herbivore, speed 3, slow
metabolism 2
a: Curse Item, Renounce Religion


You were on level 7 of the Dungeon.
You worshipped Ashenzari.
Ashenzari was noncommittal.
You were hungry.

You visited 2 branches of the dungeon, and saw 8 of its levels.
You also visited: Sewer and Ossuary.

You collected 606 gold pieces.

Inventory:

Hand Weapons
 a - a +1 dagger (weapon)
 b - a +0 blowgun
Missiles
 k - 76 stones (quivered)
 p - 29 poisoned needles
Armour
 c - a +0 robe (worn)
Jewellery
 j - an uncursed ring of fire
 B - the amulet of a Billion Songs {Reflect *Corrode +Inv rPois Dex+5 SH+5}
   (You found it on level 5 of the Dungeon)

   [amulet of reflection]

   It shields you and reflects attacks.
   It affects your dexterity (+5).
   It protects you from poison.
   It lets you turn invisible.
   It may corrode you when you take damage.
   It affects your SH (+5).
Wands
 y - a wand of scattershot (7)
 z - a wand of flame (22)
Scrolls
 f - 2 scrolls of amnesia
 g - 3 scrolls of remove curse
 h - 9 scrolls of teleportation
 m - a scroll of blinking
 v - 3 scrolls of enchant weapon
 x - 2 scrolls of magic mapping
Potions
 e - 4 potions of degeneration {unknown}
 i - 2 potions of mutation
 l - 5 potions of might
 n - a potion of brilliance
 o - 2 potions of haste {unknown}
 q - 5 potions of curing
 r - 2 potions of lignification
 s - 6 potions of heal wounds
 t - 4 potions of flight {unknown}
 u - a potion of magic {unknown}
 w - 2 potions of cancellation {unknown}
 A - a potion of agility {unknown}
 C - a potion of invisibility {unknown}
Comestibles
 d - 15 rations


   Skills:
 - Level 1.1 Short Blades
 - Level 2.0 Throwing
 - Level 8.1 Dodging
 - Level 8.0 Stealth
 - Level 5.0 Spellcasting
 - Level 1.0 Conjurations
 - Level 4.1 Transmutations
 + Level 7.3 Earth Magic
 - Level 6.1 Evocations


You had 8 spell levels left.
You knew the following spells:

 Your Spells              Type           Power        Failure   Level  Hunger
a - Sandblast             Erth           ####..       1%          1    None
b - Passwall              Tmut/Erth      ###.....     1%          2    #......
c - Stone Arrow           Conj/Erth      ###...       8%          3    ###....
d - Petrify               Tmut/Erth      ###.....     13%         4    ####...

Your spell library contained the following spells:

 Spells                   Type           Power        Failure   Level  Hunger
 Animate Skeleton         Necr           N/A          14%         1    None
 Pain                     Necr           #...         14%         1    None
 Lee's Rapid Deconstruct  Erth           ####......   21%         5    ######.
 Regeneration             Chrm/Necr      #.........   38%         3    ###....
 Vampiric Draining        Necr           #.........   38%         3    ###....
 Animate Dead             Necr           N/A          80%         4    ####...


Dungeon Overview and Level Annotations

Branches:
Dungeon (7/15)             Temple (1/1) D:5

Altars:
Ashenzari
Elyvilon
Makhleb
Trog
Uskayaw
Wu Jian
The Shining One

Shops:
D:7 [%(}

Annotations:
D:6 exclusion: oklob plant
D:7 Pikel


Innate Abilities, Weirdness & Mutations

You are very small and have problems with some larger weapons.
You are too small for most types of armour.
You have supernaturally acute eyesight. (SInv)
You are a herbivore.
You cover ground extremely quickly.
You need to consume almost no food.


Message History

Confirm with . or Enter, or press ? or * to list all spells.
Aiming: Sandblast (safe; 1% risk of failure)
Press: ? - help, Shift-Dir - straight line, f/p - Pikel
Aim: Pikel, wielding a +1 whip of freezing, wearing a +0 robe and carrying a The blast of sand hits Pikel.
Pikel is heavily wounded.
k - 77 stones
Casting: Sandblast (safe; 1% risk of failure)
Confirm with . or Enter, or press ? or * to list all spells.
Aiming: Sandblast (safe; 1% risk of failure)
Press: ? - help, Shift-Dir - straight line, f/p - Pikel
Aim: Pikel, wielding a +1 whip of freezing, wearing a +0 robe and carrying a The blast of sand hits Pikel.
Pikel is severely wounded.
k - 76 stones Pikel zaps a wand.
The bolt of acid misses you.
Pikel zaps a wand.
The bolt of acid hits you!
Ouch! That really hurt!
You are splashed with acid!
The acid burns!
You die...

#.#.##..# ##.......##
##.### #.#.###.#
##.....## #.# #.#.. #.#
##...## #.# #.##. #.#
##'## #.# #.##.##.# #.#
#.# #.......# #.# #.# ..p
... ###.## #.#
#.##.######....########.#
#......K..@.........V...#
####.####.......#########
#. #.........# ..
#.........# ###
#.........# ##.......##
##.....## ##...## #######
###.# ########


You could see Pikel.

Vanquished Creatures
  A vampire (D:7)
  An ice beast (D:5)
  An ogre (D:6)
  A phantom (D:5)
  A sky beast (D:5)
  4 centaurs
  A big kobold (Sewer)
  2 bullfrogs
  A scorpion (D:7)
  A howler monkey (D:5)
  7 jellies
  A bullfrog zombie (D:7)
  A centaur zombie (D:4)
  A crimson imp (D:6)
  6 hounds
  4 orc priests
  2 bullfrog skeletons
  A centaur skeleton (D:4)
  Ijyb (D:4)
  An iguana (D:4)
  3 orc wizards
  7 worker ants
  A hound skeleton (D:4)
  9 mummies
  3 gnolls (D:4)
  8 adders
  2 river rats (D:6)
  12 oozes
  2 adder zombies (D:6)
  5 worms
  4 dart slugs
  3 leopard geckos
  13 orcs
  9 giant cockroaches
  A gnoll zombie (Ossuary)
  13 goblins
  9 hobgoblins
  8 jackals
  13 kobolds
  3 quokkas
  A ball python (D:2)
  8 bats
  2 frilled lizards
  A giant cockroach zombie (D:5)
  4 hobgoblin zombies (Ossuary)
  A kobold zombie (Ossuary)
  2 orc zombies (Ossuary)
  18 rats
204 creatures vanquished.

Vanquished Creatures (others)
  6 fungi (D:6)
6 creatures vanquished.

Grand Total: 210 creatures vanquished

Notes
Turn   | Place    | Note
-------+----------+-------------------------------------------
     0 | D:1      | Sokar the Spriggan Earth Elementalist began the quest for
                  | the Orb.
     0 | D:1      | Reached XP level 1. HP: 9/9 MP: 5/5
   210 | D:1      | Reached XP level 2. HP: 6/13 MP: 3/6
   465 | D:1      | Reached skill level 5 in Stealth
   716 | D:1      | Reached skill level 1 in Short Blades
   716 | D:1      | Reached XP level 3. HP: 16/16 MP: 8/8
   720 | D:1      | Learned a level 2 spell: Passwall
   724 | D:1      | Learned a level 3 spell: Stone Arrow
  1603 | D:2      | Reached XP level 4. HP: 16/21 MP: 0/9
  1922 | D:3      | Reached skill level 1 in Conjurations
  2203 | D:3      | Reached XP level 5. HP: 14/24 MP: 6/10
  2207 | D:3      | Reached skill level 5 in Dodging
  2906 | D:4      | Reached XP level 6. HP: 28/28 MP: 3/11
  3018 | D:4      | Found a burning altar of Makhleb.
  3020 | D:4      | Noticed a blizzard demon
  3130 | D:4      | You fall through a shaft for 2 floors!
  3134 | D:6      | Found a glowing drain.
  3184 | Sewer    | Entered a sewer
  3253 | Sewer    | Learned a level 4 spell: Petrify
  3319 | Sewer    | Found a white marble altar of Elyvilon.
  3460 | D:6      | Reached XP level 7. HP: 28/32 MP: 9/12
  3473 | D:6      | Noticed an oklob plant
  3714 | D:6      | Found a sand-covered staircase.
  3748 | Ossuary  | Entered an ossuary
  4091 | D:5      | Entered Level 5 of the Dungeon
  4502 | D:4      | Noticed Ijyb
  4516 | D:4      | Killed Ijyb
  4516 | D:4      | Reached XP level 8. HP: 11/36 MP: 10/13
  4736 | D:4      | Reached skill level 5 in Earth Magic
  4955 | D:5      | Found a staircase to the Ecumenical Temple.
  5015 | Temple   | Entered the Ecumenical Temple
  5020 | Temple   | Became a worshipper of Ashenzari the Shackled
  5129 | D:5      | Identified the amulet of a Billion Songs {Reflect *Corrode
                  | +Inv rPois Dex+5 SH+5}
  5258 | D:5      | Reached skill level 1 in Evocations
  5829 | D:6      | Reached skill level 5 in Spellcasting
  6073 | D:6      | Reached skill level 5 in Evocations
  6105 | D:7      | Noticed Pikel
  6289 | D:7      | Reached XP level 9. HP: 34/39 MP: 14/17
  6399 | D:7      | Found Hous's Antique Armour Shoppe.
  6786 | D:7      | Found Reifuukk's Food Shoppe.
  6920 | D:7      | Found Vewn's Antique Weapon Boutique.
  6939 | D:7      | Found Raqyor's Gadget Shop.
  7042 | D:7      | Splashed by Pikel's acid

Vault maps used:
D:1:      erik_arrival_gehennom, minmay_pentomino_q2
D:3:      minmay_misc_feat_encased, feat_on_display
D:4:      kennysheep_goblin_castle, makhleb_altar_promises_db, first_ration,
          sigmund_army
D:5:      minmay_temple_entry_statues_pillars
D:6:      lemuel_slime, cheibrodos_sewer_entry_sluice, gup_ossuary_entry_pyramid
D:7:      serial_shops, shop, nicolae_shop_stone,
          nicolae_shop_temple_entry_statues_fountains, kennysheep_mini, shop,
          uniq_pikel
Temple:   nicolae_temple_the_god_donut
Sewer:    sewer_kobolds
Ossuary:  ossuary_tomb_3

Skill      XL: |  1  2  3  4  5  6  7  8  9 |
---------------+----------------------------+-----
Stealth        | 4 5 6 7 8 |  8.0
Short Blades   | 1 |  1.1
Spellcasting   | 3 5 |  5.0
Conjurations   | 1 |  1.0
Dodging        | 4 6 8 |  8.1
Transmutations | 2 3 4 |  4.1
Earth Magic    | 3 4 6 7 |  7.3
Throwing       | 2 |  2.0
Evocations     | 5 6 |  6.1

Action                   |  1- 3 |  4- 6 |  7- 9 || total
-------------------------+-------+-------+-------++-------
Melee: Dagger            |    58 |   212 |   262 ||   532
 Fire: Blowgun           |       |       |    12 ||    12
 Cast: Sandblast         |    35 |    81 |   174 ||   290
       Passwall          |     4 |     3 |     7 ||    14
       Stone Arrow       |     1 |       |     3 ||     4
Evoke: Wand              |       |       |     5 ||     5
  Use: Scroll            |       |    12 |     5 ||    17
 Stab: Sleeping          |    15 |    19 |    22 ||    56
  Eat: Ration            |       |       |     2 ||     2
Armor: Robe              |    17 |    16 |     9 ||    42
Dodge: Dodged            |    71 |   182 |   265 ||   518

Table legend:
 A = Non-vault XP
 B = Vault XP
 C = Vault XP percentage of total XP
 D = Non-vault monster count
 E = Vault monster count
 F = Vault count percentage of total count
                 A         B        C        D         E       F
            +---------+---------+-------+---------+---------+-------
      Total |    2965 |     720 |  19.5 |     140 |      64 |  31.4
            +---------+---------+-------+---------+---------+-------
        D:1 |      40 |      22 |  35.5 |      23 |       7 |  23.3
        D:2 |      62 |       0 |   0.0 |      16 |       0 |   0.0
        D:3 |     167 |       0 |   0.0 |      30 |       0 |   0.0
        D:4 |     312 |     105 |  25.2 |      17 |      14 |  45.2
        D:5 |     539 |       0 |   0.0 |      11 |       0 |   0.0
        D:6 |     798 |     331 |  29.3 |      21 |      17 |  44.7
        D:7 |    1047 |       0 |   0.0 |      22 |       0 |   0.0
      Sewer |       0 |     109 | 100.0 |       0 |      10 | 100.0
    Ossuary |       0 |     153 | 100.0 |       0 |      16 | 100.0
            +---------+---------+-------+---------+---------+-------
